 Dungeon Crawl Stone Soup version 0.21-a0-471-gd587bd5 (webtiles) character file.

291 Lavandula the Insei (level 6, -19/46 HPs)
             Began as an Octopode Transmuter on Nov 21, 2017.
             Demolished by a wight
             ... wielding a +3 battleaxe
              (21 damage)
             ... in an ossuary.
             The game lasted 00:11:24 (4098 turns).

Lavandula the Insei (Octopode Transmuter)           Turns: 4098, Time: 00:11:25

Health: -19/46     AC:  6    Str: 10    XL:     6   Next: 32%
Magic:  5/9        EV:  9    Int: 20    God:
Gold:   129        SH:  0    Dex: 14    Spells: 2/9 levels left

rFire    x . .     SeeInvis .     - Unarmed
rCold    + + +     Gourm    .   (shield currently unavailable)
rNeg     . . .     Faith    .   (helmet currently unavailable)
rPois    +         Spirit   .   r - amulet of harm
rElec    .         Reflect  .   j - ring of protection from magic
rCorr    .         Harm     +   (no ring)
MR       +....                  (no ring)
Stlth    +.........             (no ring)
HPRegen  0.15/turn              (no ring)
MPRegen  0.11/turn              (no ring)
                                (no ring)
                                (no ring)

@: brilliant, ice-form, drained
A: almost no armour, stealthy swim, amphibious, 8 rings, (constrict 8)
a: End Transformation


You were in an ossuary.
You were near starving.
You were a creature of crystalline ice.
You visited 1 branch of the dungeon, and saw 4 of its levels.
You also visited: Ossuary.

You collected 129 gold pieces.

Inventory:

Jewellery
 j - a ring of protection from magic (left front paw)
 r - an amulet of harm (around neck)
Scrolls
 a - 2 scrolls of enchant armour
 d - 3 scrolls of remove curse
 k - a scroll of amnesia {unknown}
 q - 2 scrolls of teleportation
 s - a scroll of immolation {unknown}
 t - a scroll of blinking {unknown}
 u - a scroll of fog {unknown}
Potions
 g - a potion of magic {unknown}
 i - 2 potions of curing {unknown}
 l - a potion of berserk rage {unknown}
 n - a potion of agility {unknown}
Books
 b - a book of Changes

   Spells                             Type                      Level
   a - Beastly Appendage              Transmutation                1
   b - Sticks to Snakes               Transmutation                2
   c - Spider Form                    Transmutation/Poison         3
   d - Ice Form                       Ice/Transmutation            4
   e - Blade Hands                    Transmutation                5
Comestibles
 c - a bread ration
 o - a royal jelly
 p - a meat ration


   Skills:
 + Level 2.2(1.2) Fighting
 - Level 2.0(0.9) Dodging
 - Level 6.3(5.2) Unarmed Combat
 - Level 2.3(1.3) Spellcasting
 - Level 2.0(0.9) Transmutations


You had 2 spell levels left.
You knew the following spells:

 Your Spells              Type           Power        Failure   Level  Hunger
a - Beastly Appendage     Tmut           ###...       1%          1    ##.....
b - Sticks to Snakes      Tmut           ###.....     2%          2    ###....
c - Ice Form              Ice/Tmut       ###.....     14%         4    #####..


Dungeon Overview and Level Annotations

Branches:
Dungeon (4/15)
 Temple: D:4-7

Altars:
Ashenzari
Dithmenos
Fedhas
Gozag
Hepliaklqana
Makhleb
Wu Jian
Zin

Annotations:
D:3 Sigmund


Innate Abilities, Weirdness & Mutations

You cannot wear most types of armour.
You are very stealthy in the water. (Stealth+)
You are amphibious.
You can wear up to eight rings at the same time.
((You can use your tentacles to constrict eight enemies at once.))
((Your skin changes colour to match your surroundings (Stealth+).))
((Your rubbery body absorbs attacks. (AC +1, EV +1)))


Message History

The wight hits you with an enchanted battleaxe!
You aren't carrying any items that you can evoke.
Unknown command.
You feel clever all of a sudden.
The wight hits you with an enchanted battleaxe!
You feel drained.
Casting: Ice Form
Confirm with . or Enter, or press ? or * to list all spells.
You turn into a creature of crystalline ice.
You are near starving!
You punch the wight! You freeze the wight.
The wight is almost destroyed.
The wight hits you with an enchanted battleaxe!
* * * LOW HITPOINT WARNING * * *
You feel drained.
* * * LOW HITPOINT WARNING * * *
You hit the wight.
The wight is almost destroyed.
The wight hits you with an enchanted battleaxe!!
You die...

### #### ##.## ##..####
##...# ##......## #....##
#...####.## #..∩..##
#####....#.#..# #......##
##..#..........#
#.......###.#............#
#..∩...#.Yz###..........##
#.....###### #.#.......##
#...### ####.....## ##.##
##...## ## ###'### #.'.'.#
###.### #.'.'.# ###.###


You could see a wight.

Vanquished Creatures
  A scorpion (D:4)
  Jessica (D:2)
  Natasha (thrice) (D:2)
  A worker ant (D:4)
  5 adders
  An ooze (D:4)
  An adder zombie (Ossuary)
  A worm (D:2)
  2 dart slugs
  2 orcs
  2 giant cockroaches
  7 goblins
  8 hobgoblins
  3 jackals (D:1)
  7 kobolds
  8 bats
  3 frilled lizards
  A hobgoblin zombie (Ossuary)
  An orc zombie (Ossuary)
  6 rats
64 creatures vanquished.

Vanquished Creatures (collateral kills)
  An adder (D:2)
  2 worms (D:2)
  A bat (D:2)
  A goblin (D:2)
  A rat (D:3)
6 creatures vanquished.

Grand Total: 70 creatures vanquished

Notes
Turn   | Place    | Note
-------+----------+-------------------------------------------
     0 | D:1      | Lavandula the Octopode Transmuter began the quest for the Orb.
     0 | D:1      | Reached XP level 1. HP: 13/13 MP: 3/3
   360 | D:1      | Reached XP level 2. HP: 18/18 MP: 3/5
   365 | D:1      | Learned a level 2 spell: Sticks to Snakes
   879 | D:1      | Reached skill level 4 in Unarmed Combat
  1275 | D:1      | Reached XP level 3. HP: 20/23 MP: 6/6
  1952 | D:2      | Reached XP level 4. HP: 29/29 MP: 1/7
  1967 | D:2      | Noticed Natasha
  1984 | D:2      | Killed Natasha
  2095 | D:2      | Noticed Natasha
  2100 | D:2      | Killed Natasha
  2335 | D:2      | Reached XP level 5. HP: 31/34 MP: 8/8
  2389 | D:2      | Reached skill level 5 in Unarmed Combat
  2439 | D:2      | Learned a level 4 spell: Ice Form
  2499 | D:2      | Noticed Natasha
  2508 | D:2      | Killed Natasha
  2754 | D:2      | Noticed Jessica
  2760 | D:2      | Killed Jessica
  3244 | D:3      | Found a shadowy altar of Dithmenos.
  3244 | D:3      | Found an opulent altar of Gozag.
  3246 | D:3      | Found a glowing silver altar of Zin.
  3246 | D:3      | Found an ornate altar of the Wu Jian Council.
  3246 | D:3      | Found a hazy altar of Hepliaklqana.
  3248 | D:3      | Found a burning altar of Makhleb.
  3248 | D:3      | Found a blossoming altar of Fedhas.
  3249 | D:3      | Found a shattered altar of Ashenzari.
  3474 | D:3      | Noticed Sigmund
  3565 | D:4      | Reached skill level 6 in Unarmed Combat
  3565 | D:4      | Reached XP level 6. HP: 14/39 MP: 9/9
  3827 | D:4      | Found a sand-covered staircase.
  3834 | Ossuary  | Entered an ossuary
  4097 | Ossuary  | HP: 2/46 [wight/enchanted battleaxe (3)]
  4098 | Ossuary  | Demolished by a wight

Vault maps used:
D:1:      denvon_arrival_waterhouse, minmay_misc_feat_alley, minmay_liquid_box
D:2:      uniq_natasha, uniq_jessica
D:3:      grunt_temple_overflow_open, first_bread, uniq_sigmund
D:4:      lightli_ossuary_entry_decrepit_ruins, vehumet_altar_wand_db
Ossuary:  ossuary_due_cavern

Skill      XL: |  1  2  3  4  5 |
---------------+----------------+-----
Unarmed Combat | 4 6 |  6.3
Fighting       | 2 |  2.2
Dodging        | |  2.0
Spellcasting   | |  2.3
Transmutations | |  2.0

Action                   |  1- 3 |  4- 6 || total
-------------------------+-------+-------++-------
Melee: Unarmed           |    74 |    82 ||   156
       Constrict         |    22 |    21 ||    43
       Kick              |    18 |     8 ||    26
       Tentacles         |    10 |    15 ||    25
       Punch             |     1 |       ||     1
 Cast: Beastly Appendage |    21 |     8 ||    29
       Sticks to Snakes  |     4 |     8 ||    12
       Ice Form          |       |     2 ||     2
  Use: Scroll            |       |     6 ||     6
       Potion            |       |     4 ||     4
 Stab: Sleeping          |     5 |     7 ||    12
  Eat: Chunk             |     3 |     7 ||    10
Armor: Skin              |     9 |     6 ||    15
Dodge: Dodged            |    49 |    31 ||    80

Table legend:
 A = Spawn XP
 B = Non-spawn XP
 C = Spawn XP percentage of total XP
 D = Spawn monster count
 E = Non-spawn monster count
 F = Spawn count percentage of total count
 G = Total turns spent on level
                    A         B        C        D         E        F      G
               +---------+---------+-------+---------+---------+-------+---------
         Total |       0 |     417 |   0.0 |       0 |      70 |   0.0 |  4098
               +---------+---------+-------+---------+---------+-------+---------
           D:1 |       0 |      48 |   0.0 |       0 |      26 |   0.0 |  1758
           D:2 |       0 |     217 |   0.0 |       0 |      28 |   0.0 |  1473
           D:3 |       0 |      24 |   0.0 |       0 |       8 |   0.0 |   274
           D:4 |       0 |     120 |   0.0 |       0 |       5 |   0.0 |   329
       Ossuary |       0 |       8 |   0.0 |       0 |       3 |   0.0 |   264
               +---------+---------+-------+---------+---------+-------+---------
